 Dungeon Crawl Stone Soup version 0.28.0-45-g0d030f2227 (webtiles) character file.

Game seed: 5865816282233434262

7384 mortz the Thaumaturge (level 10, -10/50 HPs)
             Began as a Deep Elf Air Elementalist on Apr 3, 2022.
             Was a Priest of Sif Muna.
             Killed from afar by a steam dragon (21 damage)
             ... with a ball of steam
             ... on level 9 of the Dungeon.
             The game lasted 01:05:15 (13845 turns).

mortz the Thaumaturge (Deep Elf Air Elementalist)  Turns: 13845, Time: 01:05:15

Health: -10/50     AC:  9    Str:  7    XL:     10   Next: 92%
Magic:  27/29      EV: 13    Int: 29    God:    Sif Muna [***...]
Gold:   637        SH:  0    Dex: 15    Spells: 20/35 levels left

rFire   . . .      SeeInvis .   c - staff of conjuration {!a@e2staff}
rCold   . . .      Faith    +   j - orb {light}
rNeg    . . .      Spirit   .   A - +2 robe {Will+}
rPois   .          Reflect  .   L - +1 hat {Stlth+}
rElec   .          Harm     .   F - +0 cloak
rCorr   .          Rampage  .   i - +0 pair of gloves
Will    ++...                   p - +1 pair of boots
Stlth   ++........              o - amulet of faith {!P}
HPRegen 0.16/turn               K - ring of flight
MPRegen 0.21/turn               k - +6 ring of intelligence

@: flying, glowing
A: no striking features
a: Renounce Religion, Channel Magic, Forget Spell


You were on level 9 of the Dungeon.
You worshipped Sif Muna.
Sif Muna was most pleased with you.
You visited 2 branches of the dungeon, and saw 11 of its levels.

You collected 685 gold pieces.
You spent 48 gold pieces at shops.


   Skills:
 + Level 0.1 Fighting
 + Level 3.0 Dodging
 + Level 4.1 Stealth
 + Level 13.3 Spellcasting
 + Level 7.4 Conjurations
 * Level 2.7 Ice Magic
 + Level 9.9 Air Magic
 * Level 6.0 Invocations


You had 20 spell levels left.
You knew the following spells:

 Your Spells              Type           Power      Damage    Failure   Level
a - Shock                 Conj/Air       100%       1d9       1%          1
b - Static Discharge      Conj/Air       81%        N/A       1%          2
c - Airstrike             Air            33%        N/A       1%          4
d - Swiftness             Air            67%        N/A       1%          3
e - Freezing Cloud        Conj/Ice/Air   36%        6-21      4%          5

Your spell library contained the following spells:

 Spells                   Type           Power      Damage    Failure   Level
 Summon Small Mammal      Summ           76%        N/A       2%          1
 Ozocubu's Armour         Ice            35%        N/A       2%          3
 Call Canine Familiar     Summ           19%        N/A       9%          3
 Portal Projectile        Hex/Tloc       38%        N/A       9%          3
 Summon Guardian Golem    Hex/Summ       19%        N/A       9%          3
 Leda's Liquefaction      Hex/Erth       9%         N/A       26%         4
 Metabolic Englaciation   Hex/Ice        13%        N/A       38%         5
 Simulacrum               Ice/Necr       13%        N/A       93%         6
 Polar Vortex             Ice            17%        N/A       100%        9

Inventory:

Hand Weapons
 a - a +3 quarterstaff of chaos {staff}
   (You took it off Crazy Yiuf on level 4 of the Dungeon)
 h - a +0 scimitar {long}
   (You took it off an orc warrior on level 8 of the Dungeon)
 l - a +1 war axe {axe}
   (You found it on level 4 of the Dungeon)
 m - a +2 scythe of venom {polearm}
   (You took it off Sigmund on level 3 of the Dungeon)
 z - a +0 morningstar of draining {mace}
   (You took it off an orc priest on level 9 of the Dungeon)
 Q - a +0 short sword of draining {short}
   (You took it off an orc on level 7 of the Dungeon)
Missiles
 e - 151 stones {throwing}
 w - 27 poisoned darts {throwing}
Armour
 d - a +0 plate armour
   (You found it on level 4 of the Dungeon)
 i - a +0 pair of gloves (worn)
   (You found it on level 5 of the Dungeon)
 j - an orb of light (worn)
   (You found it on level 1 of the Dungeon)
 p - a +1 pair of boots (worn)
   (You found it on level 1 of the Dungeon)
 A - a +2 robe of willpower (worn)
   (You took it off Sigmund on level 3 of the Dungeon)
 F - a +0 cloak (worn)
   (You took it off Crazy Yiuf on level 4 of the Dungeon)
 L - a +1 hat of stealth (worn)
   (You found it on level 9 of the Dungeon)
 N - a +0 leather armour of fire resistance
   (You took it off an orc on level 7 of the Dungeon)
Magical Staves
 c - a staff of conjuration (weapon) {!a@e2staff}
   (You found it on level 1 of the Dungeon)
Jewellery
 g - a +6 ring of dexterity
   (You found it on level 3 of the Dungeon)
 k - a +6 ring of intelligence (right hand)
   (You found it on level 5 of the Dungeon)
 o - an amulet of faith (around neck) {!P}
   (You found it on level 4 of the Dungeon)
 u - a ring of fire
   (You found it on level 2 of the Dungeon)
 y - an amulet of guardian spirit
   (You found it on level 3 of the Dungeon)
 K - a ring of flight (left hand)
   (You found it on level 6 of the Dungeon)
Wands
 q - a wand of iceblast (12)
   (You took it off a kobold on level 4 of the Dungeon)
 G - a wand of polymorph (8)
   (You took it off Crazy Yiuf on level 4 of the Dungeon)
 I - a wand of flame (41)
   (You took it off an orc on level 6 of the Dungeon)
 M - a wand of paralysis (4)
   (You found it on level 7 of the Dungeon)
 R - a wand of digging (5)
   (You found it on level 7 of the Dungeon)
Scrolls
 r - a scroll of fear
 C - 4 scrolls of enchant weapon
 E - a scroll of acquirement {unknown}
 H - 2 scrolls of teleportation {@r4}
 J - a scroll of identify {@r1}
 P - a scroll of magic mapping {!r}
 S - a scroll of immolation {!r!r}
Potions
 b - a potion of brilliance
 f - a potion of lignification {!q}
 n - 3 potions of curing {@q1}
 s - a potion of invisibility
 t - a potion of mutation {!q}
 v - a potion of berserk rage {!q}
 x - a potion of haste {@q3}
 B - a potion of flight
 D - a potion of attraction {!q}
 O - 3 potions of ambrosia

Dungeon Overview and Level Annotations

Branches:
Dungeon (10/15)            Temple (1/1) D:4
   Lair: D:8-11         Orc: D:9-12

Altars:
Ashenzari
Cheibriados
Dithmenos
Elyvilon
Fedhas
Gozag
Hepliaklqana
Kikubaaqudgha
Makhleb
Nemelex Xobeh
Okawaru
Qazlal
Ru
Sif Muna
Trog
Uskayaw
Vehumet
Wu Jian
Xom
Yredelemnul
Zin
The Shining One
Beogh

Shops:
D:6 (   D:7 ( D:8

*( ########
##......###
##.....D...### #
#.....@......###
##
#.....o........#
.#
################
## ### # ##.# #
##..#
###...########
##......§○..☼§
........☼°○☼°○


You could see a steam dragon (catching breath) and an orc warrior.


Message History

😨 HP[+1] MP[+1] 😨 MP[+1] 😨 HP[+1]
There is a stone staircase leading up here.
You fly upwards.
There is a stone staircase leading down here. 😨 MP[+1]
You start resting. 😮 HP[+12] MP[+15]
You regained 12 hp, and now have 34/50 hp.
Your mp is fully restored (29).
You start resting. 😎 HP[+16]
Your hp is fully restored (50).
Done exploring.
There is a stone staircase leading down here.
You fly downwards.
You hear the roar of battle.
There is an entrance to a bailey on this level.
Hurry and find it before the portal closes forever!
You hear the quick creaking of a very distant portcullis.
The shadow hits you!
The shadow slips into darkness.
The shadow flickers and vanishes for a moment.
There is a stone staircase leading up, spattered with blood here. 😕 HP[-10]
You take 10 damage, and now have 40/50 hp.
The shadow hits you!
You fly upwards.
There is a stone staircase leading down here. 😮 HP[-10]
You take 10 damage, and now have 30/50 hp.
Casting: Static Discharge (safe; 1% risk of failure)
Confirm with . or Enter, or press ? or * to list all spells.
You feel a surge of power!
The shadow is struck by an arc of lightning!
You are struck by an arc of lightning.
The shadow is struck by an arc of lightning.
The lightning grounds out.
The shadow barely misses you. 😮 HP[-1] MP[-2]
You take 1 damage, and now have 29/50 hp.
You lost 2 mp, and now have 27/29 mp.
Casting: Static Discharge (safe; 1% risk of failure)
Confirm with . or Enter, or press ? or * to list all spells.
You feel a surge of power!
The shadow is struck by an arc of lightning!
The lightning grounds out.
The shadow misses you. 😮 MP[-2]
You lost 2 mp, and now have 25/29 mp.
Casting: Static Discharge (safe; 1% risk of failure)
Confirm with . or Enter, or press ? or * to list all spells.
You feel a surge of power!
The shadow is struck by an arc of lightning!
You destroy the shadow!
Sif Muna accepts your kill.
You are struck by an arc of lightning.
* * * LOW HITPOINT WARNING * * *
😮 HP[-3] MP[-2]
You take 3 damage, and now have 26/50 hp.
You lost 2 mp, and now have 23/29 mp.
You start resting. 😮 HP[+4] MP[+6]
You regained 4 hp, and now have 30/50 hp.
Your mp is fully restored (29).
You start resting. 😎 HP[+20]
Your hp is fully restored (50).
You fly downwards.
You hear the roar of battle.
There is an entrance to a bailey on this level.
Hurry and find it before the portal closes forever!
You hear the loud creaking of a very distant portcullis.
The orc warrior hits you with a +0 battleaxe!!
There is a stone staircase leading up, spattered with blood here. 😮 HP[-23]
You take 23 damage, and now have 27/50 hp.
MASSIVE DAMAGE!! (PAUSE)
The orc warrior hits you with a +0 battleaxe!
* * * LOW HITPOINT WARNING * * *
The steam dragon bites you.
* * * LOW HITPOINT WARNING * * *
The steam dragon closely misses you.
You fly upwards.
There is a stone staircase leading down here. 😨 HP[-12]
You take 12 damage, and now have 15/50 hp.
MASSIVE DAMAGE!! (PAUSE)
Casting: Static Discharge (safe; 1% risk of failure)
Confirm with . or Enter, or press ? or * to list all spells.
You feel a surge of power!
The orc warrior is struck by an arc of lightning.
You are struck by an arc of lightning.
* * * LOW HITPOINT WARNING * * *
The steam dragon is struck by an arc of lightning.
You are struck by an arc of lightning.
* * * LOW HITPOINT WARNING * * *
The lightning grounds out.
The steam dragon is struck by an arc of lightning!
The lightning grounds out.
The orc warrior completely misses you. The steam dragon breathes steam at you.
The ball of steam hits you!!
You die...

Skill      XL: |  1  2  3  4  5  6  7  8  9 10 |
---------------+-------------------------------+-----
Spellcasting   | 4 5 6 7 9 11 13 | 13.3
Conjurations   | 3 4 5 6 7 |  7.4
Air Magic      | 4 5 7 8 9 |  9.9
Stealth        | 3 4 |  4.1
Dodging        | 3 |  3.0
Invocations    | 1 4 6 |  6.0
Ice Magic      | 2 |  2.7
Fighting       | |  0.1

Action                   |  1- 3 |  4- 6 |  7- 9 | 10-12 || total
-------------------------+-------+-------+-------+-------++-------
Melee: Hand axe          |    30 |       |       |       ||    30
 Cast: Shock             |    50 |    44 |   117 |     6 ||   217
       Static Discharge  |       |     6 |    38 |    14 ||    58
       Airstrike         |       |       |    51 |    79 ||   130
  Use: Scroll            |       |    11 |     8 |     6 ||    25
       Potion            |       |     2 |     1 |     1 ||     4
Armor: Robe              |       |     1 |     9 |    11 ||    21
       Skin              |       |       |     3 |       ||     3
Dodge: Dodged            |     1 |     4 |    18 |    10 ||    33

Levels and vault maps discovered:
D:1:      dpeg_arrival_rooms_with_view, layout_basic,
          ebering_ecumenical_altar_sacrificial, nrook_mini_backslash
D:2:      layout_basic, serial_forest, infiniplex_forest_clump_small,
          infiniplex_forest_straight_4, infiniplex_forest_end_3,
          infiniplex_forest_join
D:3:      layout_basic, uniq_sigmund, uniq_grinder
D:4:      layout_basic, minmay_temple_entry_junction, minivault_4,
          minmay_fractal_squares_diagonal_5, uniq_menkaure, uniq_blork_the_orc,
          uniq_crazy_yiuf_cottage
D:5:      layout_loops_ring, minmay_tree_intersection, kennysheep_windowed_goal
D:6:      layout_loops_ring, mainiacjoe_overflow_boulevard,
          nicolae_stop_n_shop_2
D:7:      layout_basic, pf_just_have_faith, amcnicky_altar_gilded, serial_shops,
          nicolae_shop_advertising_works [nicolae_subvault_shop_adworks],
          minmay_gold_behind_fungi, minivault_19
D:8:      layout_basic, special_room [special_room_orc], serial_shops,
          nicolae_stop_n_shop_1, shop, minivault_12
D:9:      lemuel_flame_loot_2, layout_cave_pods,
          mainiacjoe_overflow_surrounded_room
D:10:     layout_loops_ring, zombieorc1_lemuel, enter_bailey_5,
          gammafunk_ghost_smash, minmay_pinched_square, uniq_joseph
Temple:   mainiacjoe_temple_coin_purse

Notes
Turn   | Place    | Note
-------+----------+-------------------------------------------
     0 | D:1      | mortz the Deep Elf Air Elementalist began the quest for the
                  | Orb.
     0 | D:1      | Reached XP level 1. HP: 10/10 MP: 6/6
     0 | D:1      | magus.rc [v1.9.6]
   213 | D:1      | Found a faded altar of an unknown god.
   353 | D:1      | Reached XP level 2. HP: 15/15 MP: 6/8
   534 | D:1      | Learned a level 2 spell: Static Discharge
  1820 | D:2      | Reached XP level 3. HP: 19/19 MP: 8/10
  2332 | D:3      | Noticed a black bear
  2339 | D:3      | Killed a black bear
  2340 | D:3      | Reached skill level 4 in Spellcasting
  2340 | D:3      | Reached skill level 3 in Conjurations
  2340 | D:3      | Reached XP level 4. HP: 24/24 MP: 3/12
  2755 | D:3      | Reached XP level 5. HP: 28/28 MP: 8/13
  3191 | D:3      | Noticed Sigmund
  3206 | D:3      | Killed Sigmund
  3207 | D:3      | Reached skill level 5 in Spellcasting
  3207 | D:3      | Reached skill level 4 in Conjurations
  3207 | D:3      | Reached skill level 4 in Air Magic
  3207 | D:3      | Reached XP level 6. HP: 13/32 MP: 2/15
  3648 | D:3      | Noticed Grinder
  3656 | D:3      | Killed Grinder
  3657 | D:3      | Reached skill level 3 in Stealth
  3657 | D:3      | Reached skill level 5 in Conjurations
  4138 | D:4      | You pick up a book of the Hunter and begin reading...
  4138 | D:4      | You add the spells Call Canine Familiar, Portal Projectile
                  | and Leda's Liquefaction to your library.
  4157 | D:4      | Reached skill level 6 in Spellcasting
  4183 | D:4      | Reached XP level 7. HP: 36/36 MP: 14/18
  4356 | D:4      | Noticed Menkaure
  4363 | D:4      | Killed Menkaure
  4364 | D:4      | Reached skill level 5 in Air Magic
  4698 | D:4      | Found a staircase to the Ecumenical Temple.
  4705 | Temple   | Entered the Ecumenical Temple
  4835 | Temple   | Became a worshipper of Sif Muna the Loreminder
  4902 | D:4      | Found a runed translucent door.
  4903 | D:4      | Noticed Crazy Yiuf
  5057 | D:4      | Noticed Blork the orc
  5061 | D:4      | Killed Blork the orc
  5062 | D:4      | Reached skill level 6 in Conjurations
  5324 | D:4      | Identified the +2 pair of gloves "Onefigopp" {rN+ Will-
                  | Str-5 Int+5}
  6078 | D:4      | Killed Crazy Yiuf
  6221 | D:5      | Entered Level 5 of the Dungeon
  6319 | D:5      | Reached skill level 7 in Spellcasting
  6397 | D:5      | Reached XP level 8. HP: 32/41 MP: 14/20
  6745 | D:5      | Learned a level 4 spell: Airstrike
  6749 | D:5      | Learned a level 3 spell: Swiftness
  6791 | D:5      | Reached skill level 6 in Air Magic
  7324 | D:6      | Reached skill level 3 in Dodging
  7382 | D:6      | Reached * piety under Sif Muna
  7383 | D:6      | Reached skill level 8 in Spellcasting
  7521 | D:6      | Found a white marble altar of Elyvilon.
  7552 | D:6      | You pick up a book of Callings and begin reading...
  7552 | D:6      | You add the spells Summon Small Mammal and Summon Guardian
                  | Golem to your library.
  7768 | D:6      | Found Obbimo's Weapon Emporium.
  7999 | D:6      | Reached skill level 1 in Invocations
  8029 | D:6      | Reached skill level 9 in Spellcasting
  8262 | D:6      | Noticed a troll
  8267 | D:6      | Killed a troll
  8268 | D:6      | Reached skill level 7 in Conjurations
  8268 | D:6      | Reached skill level 7 in Air Magic
  8268 | D:6      | Reached XP level 9. HP: 45/45 MP: 9/24
  8458 | D:7      | You pick up a book of Winter and begin reading...
  8458 | D:7      | You add the spells Ozocubu's Armour, Metabolic Englaciation
                  | and Simulacrum to your library.
  8465 | D:7      | Found a broken altar of Ashenzari.
  8682 | D:7      | Reached skill level 2 in Invocations
  8733 | D:7      | Reached skill level 4 in Stealth
  9136 | D:7      | Found a radiant altar of Vehumet.
  9172 | D:7      | Reached skill level 10 in Spellcasting
  9310 | D:7      | Found Dalutrah's Weapon Emporium.
  9439 | D:7      | Reached skill level 3 in Invocations
  9440 | D:7      | Reached skill level 8 in Air Magic
  9620 | D:8      | Found Obush's Assorted Antiques.
  9767 | D:7      | Reached ** piety under Sif Muna
  9768 | D:7      | Reached skill level 11 in Spellcasting
 10096 | D:8      | Reached skill level 4 in Invocations
 10096 | D:8      | Reached XP level 10. HP: 50/50 MP: 14/27
 10195 | D:8      | Bought a scroll labelled XOAFET PUELOTE for 24 gold pieces
 10195 | D:8      | Bought a scroll labelled AMYZUC LIDIM for 24 gold pieces
 10355 | D:8      | Noticed a white ugly thing
 10366 | D:8      | Noticed a centaur warrior
 10366 | D:8      | Noticed a centaur warrior
 10371 | D:8      | Noticed a mana viper
 10371 | D:8      | a culicivora changed into a mana viper
 10376 | D:8      | Noticed an eight-headed hydra
 10399 | D:8      | Noticed an elephant
 10399 | D:8      | a mana viper changed into an elephant
 10722 | D:8      | Reached skill level 9 in Air Magic
 11223 | D:8      | Found Zybecoef's Antique Weapon Emporium.
 11247 | D:8      | You pick up a book of Ice and begin reading...
 11247 | D:8      | You add the spells Freezing Cloud and Polar Vortex to your
                  | library.
 11254 | D:8      | Learned a level 5 spell: Freezing Cloud
 11554 | D:8      | Noticed a cane toad
 11832 | D:9      | Noticed a two-headed ogre
 11836 | D:9      | Killed a two-headed ogre
 11837 | D:9      | Reached skill level 12 in Spellcasting
 11837 | D:9      | Reached skill level 1 in Ice Magic
 11917 | D:9      | Identified the +4 mace of Ojiteugu {distort, rF+ rC+}
 12273 | D:9      | Reached *** piety under Sif Muna
 12274 | D:9      | Reached skill level 5 in Invocations
 12845 | D:9      | Found a bloodstained altar of Trog.
 12889 | D:9      | Reached skill level 2 in Ice Magic
 13286 | D:10     | Entered Level 10 of the Dungeon
 13286 | D:10     | Noticed a cyclops
 13291 | D:10     | Killed a cyclops
 13292 | D:10     | Reached skill level 13 in Spellcasting
 13473 | D:10     | Reached skill level 6 in Invocations
 13845 | D:9      | HP: 11/50 [/static electricity (3)]
 13845 | D:9      | Killed from afar by a steam dragon

Vanquished Creatures
  A two-headed ogre (D:9)
  A cyclops (D:10)
  A troll (D:6)
  A hornet (D:8)
  Grinder (D:3)
  A shadow (D:9)
  Sigmund (D:3)
  11 yaks
  A wraith (D:9)
  Menkaure (D:4)
  An acid dragon (D:10)
  4 water moccasins
  3 black bears
  A sky beast (D:7)
  2 ice beasts (D:7)
  7 orc warriors
  2 ogres
  2 necrophages
  2 centaurs
  A kobold brigand (D:6)
  A bullfrog (D:7)
  Blork the orc (D:4)
  2 scorpions
  A wyvern skeleton (D:7)
  3 centaur zombies
  2 jellies
  3 orc priests
  4 hounds
  Crazy Yiuf (D:4)
  2 centaur skeletons (D:7)
  2 iguanas
  2 orc wizards (D:5)
  A killer bee zombie (D:9)
  A howler monkey zombie (D:9)
  A gnoll (D:4)
  4 adders
  An adder skeleton (D:4)
  2 worms
  3 dart slugs
  48 orcs
  12 ball pythons
  6 endoplasms
  3 giant cockroaches
  4 goblins
  2 hobgoblins (D:4)
  4 quokkas
  2 bats
  2 frilled lizards
  15 kobolds
  7 rats
187 creatures vanquished.

Vanquished Creatures (others)
  5 fungi (D:7)
  A plant (D:2)
  5 toadstools (D:7)
11 creatures vanquished.

Grand Total: 198 creatures vanquished

Table legend:
 A = Non-vault XP
 B = Vault XP
 C = Vault XP percentage of total XP
 D = Non-vault monster count
 E = Vault monster count
 F = Vault count percentage of total count
                 A         B        C        D         E       F
            +---------+---------+-------+---------+---------+-------
      Total |    7803 |    2746 |  26.0 |     146 |      41 |  21.9
            +---------+---------+-------+---------+---------+-------
        D:1 |      25 |       6 |  19.4 |      15 |       2 |  11.8
        D:2 |      14 |       0 |   0.0 |      10 |       0 |   0.0
        D:3 |     165 |     508 |  75.5 |      15 |       2 |  11.8
        D:4 |     277 |     361 |  56.6 |      23 |       7 |  23.3
        D:5 |     560 |     206 |  26.9 |       9 |       1 |  10.0
        D:6 |     781 |       0 |   0.0 |      19 |       0 |   0.0
        D:7 |    1862 |       0 |   0.0 |      27 |       0 |   0.0
        D:8 |    1045 |     758 |  42.0 |       9 |      26 |  74.3
        D:9 |    2367 |     232 |   8.9 |      17 |       1 |   5.6
       D:10 |     707 |     675 |  48.8 |       2 |       2 |  50.0
            +---------+---------+-------+---------+---------+-------

Illustrated notes

Table legend:
 A = Kills in this place as a percentage of kills in entire the game.
 B = Kills by you in this place as a percentage of kills by you in the entire game.
 C = Kills by friends in this place as a percentage of kills by friends in the entire game.
 D = Other kills in this place as a percentage of other kills in the entire game.
 E = Experience gained in this place as a percentage of experience gained in the entire game.
 F = Experience gained in this place divided by the number of levels of this place that you have seen.
                   A       B       C       D       E      F
               +-------+-------+-------+-------+-------+----------------------
         Total | 100.0 | 100.0 |   N/A |   N/A | 100.0 | 959.0
       Dungeon | 100.0 | 100.0 |   N/A |   N/A | 100.0 | 1054.9
               +-------+-------+-------+-------+-------+----------------------

Table legend: (Time is in decaauts)
 A = Elapsed time spent in this place.
 B = Non-inter-level travel time spent in this place.
 C = Inter-level travel time spent in this place.
 D = Time resting spent in this place.
 E = Time spent auto-exploring this place.
 F = Levels seen in this place.
 G = Mean time per level.
                   A        B        C        D        E       F      G
               +--------+--------+--------+--------+--------+-----+--------+
         Total |  13824 |  13390 |    434 |   2321 |   9644 |  11 | 1256.7 |
       Dungeon |  13683 |  13283 |    400 |   2321 |   9552 |  10 | 1368.3 |
        Temple |    141 |    107 |     34 |      0 |     92 |   1 |  141.0 |
               +--------+--------+--------+--------+--------+-----+--------+

Top non-repeatable levels by time:
     D:4: 1937 daAuts
     D:9: 1792 daAuts
     D:3: 1779 daAuts
     D:8: 1728 daAuts
     D:7: 1707 daAuts
     D:2: 1226 daAuts
     D:1: 1111 daAuts
     D:5: 1100 daAuts
     D:6: 1073 daAuts
    D:10: 225 daAuts
  Temple: 141 daAuts
